Map: Ulrena

Players

pupu - Winner!

  • Race: Protoss Protoss
  • League: Silver

Szczyph

  • Race: Zerg Zerg
  • League: Silver

VOD

Have the link to the VOD?

Description

Time

  • Played on: April 3, 2016, 11:34 a.m.
  • Length: 6:17
Show
View Real Time Build Order
Export as new Build Order

pupu Protoss - Winner!

Build Orders: Oracle Opening 

Get SALT Encoding   

  12  0:01  Probe (Chrono Boost)  
  13  0:11  Probe (Chrono Boost)  
  14  0:19  Pylon  
  14  0:22  Probe (Chrono Boost)  
  15  0:37  Probe (Chrono Boost)  
  15  0:39  Gateway  
  16  0:48  Probe (Chrono Boost)  
  17  0:54  Assimilator  
  17  0:58  Probe (Chrono Boost)  
  18  1:09  Probe (Chrono Boost)  
  19  1:15  Assimilator  
  19  1:19  Probe (Chrono Boost)  
  20  1:28  Cybernetics Core  
  20  1:33  Probe (Chrono Boost)  
  20  1:35  Zealot  
  23  1:52  Pylon  
  23  2:11  Probe (Chrono Boost)  
  24  2:21  Probe (Chrono Boost), Stargate  
  25  2:32  Probe (Chrono Boost)  
  25  2:34  Nexus  
  25  2:35  Warp Gate (Chrono Boost)  
  26  2:38  Adept  
  26  2:44  Probe  
  29  2:56  Mothership Core, Pylon  
  31  3:09  Pylon  
  31  3:14  Adept  
  31  3:17  Probe  
  34  3:26  Oracle (Chrono Boost)  
  37  3:35  Probe  
  38  3:42  Gateway  
  38  3:45  Gateway  
  38  3:49  Probe  
  38  3:50  Probe, Gateway  
  38  3:55  Sentry  
  42  4:03  Probe  
  42  4:05  Probe, Assimilator  
  44  4:11  Oracle (Chrono Boost)  
  47  4:26  Probe  
  47  4:27  Probe  
  49  4:48  Stalker  
  49  4:49  Stalker x3  
  57  5:19  Probe  
  57  5:20  Probe  
  59  5:23  Stalker  
  61  5:30  Probe  
  61  5:31  Pylon  
  61  5:33  Pylon  
  61  5:35  Pylon  
  62  5:37  Pylon  
  62  5:42  Pylon  
  62  5:46  Pylon  
  63  5:50  Probe  
Show
View Real Time Build Order
Export as new Build Order

Szczyph Zerg 

Build Orders: Hatch First 

Get SALT Encoding   

  12  0:07  Drone  
  13  0:12  Drone  
  14  0:30  Overlord  
  14  0:50  Hatchery  
  14  0:52  Drone x2  
  15  0:58  Drone  
  16  1:07  Drone  
  17  1:15  Drone  
  18  1:27  Spawning Pool  
  18  1:28  Drone  
  18  1:35  Drone  
  19  1:47  Drone  
  20  1:57  Overlord, Extractor  
  19  2:04  Drone  
  19  2:11  Drone  
  19  2:13  Drone  
  21  2:22  Queen, Zergling x2  
  22  2:24  Queen  
  22  2:25  Drone  
  27  2:33  Zergling x2  
  28  2:43  Overlord, Extractor  
  27  2:45  Drone x2  
  29  2:57  Drone  
  29  2:58  Drone  
  31  3:07  Drone x2  
  31  3:12  Drone  
  33  3:25  Zergling x4  
  35  3:29  Drone  
  36  3:34  Lair  
  36  3:38  Drone x5  
  36  3:39  Zergling x4  
  43  3:42  Metabolic Boost  
  43  3:48  Drone  
  44  3:49  Evolution Chamber  
  44  3:51  Evolution Chamber  
  44  3:52  Overlord  
  43  4:02  Zergling x2  
  43  4:03  Overlord  
  43  4:14  Queen  
  43  4:16  Overlord  
  45  4:19  Drone x3  
  42  4:26  Spore Crawler  
  32  4:42  Drone x6  
  32  4:43  Drone x3  
  41  5:01  Overlord  
  40  5:07  Spore Crawler  
  40  5:14  Queen, Spore Crawler  
  29  5:23  Spore Crawler  
  29  5:24  Drone x2  
  30  5:35  Drone  
  31  5:36  Drone  
  32  5:44  Zergling x4  
  34  5:54  Zergling x10  
  41  5:58  Zergling x2  
Tags
 
Add a new tag
Caveats
  • Supply blocks, unpowered buildings, or Contaminate may cause inaccurate times.
  • Supply counts are checked every 10 seconds.